cohdb
Replays
Latest Replays
All Replays
Popular Replays
Top Player Replays
Match Explorer
How It Works
Community
CoH3 Stats
Reddit
Sign in to upload your games and track your stats! →
Sign in with Steam
Match 42139684
Unlisted
Match 42139684
Overview
Messages
Build Orders
End
Construct Barracks
Selects Heavy Weapons
Riflemen Squad
Riflemen Squad
M1 Mortar Team
Air Support Center
Selects Assault Carriers
Riflemen Squad
Grasshopper Recon Run
Construct Medical Station
Construct Motor Pool
P-47 Strafing Run
M8 Greyhound Armored Car
P-47 Dive Bomb
Engineer Squad
P-47 Strafing Run
M24 Chaffee Light Tank
Improved Aircraft Armor
Grasshopper Recon Run
P-47 Strafing Run
Selects Exchangeable Parts
P-47 Dive Bomb
Double Sortie
P-47 Strafing Run
M1 Anti-tank Gun Team
M1 Anti-tank Gun Team
Grasshopper Recon Run
P-47 Dive Bomb
P-47 Dive Bomb
Selects M26 Pershing Heavy Tank
M26 Pershing Heavy Tank
Grasshopper Recon Run
P-47 Strafing Run
homig
kerem
bt512
padak@@@
Handsome
Doom&Gloom
rebelguy12
XxWhoDatGuyxX
0
0
Comments
sign in to comment!
No comments posted yet!